 Dungeon Crawl Stone Soup version 0.22-a0-608-g8a62e23f9f (webtiles) character file.

666 Kholdaimon the Sneak (level 7, 8/27 HPs)
             Began as a Felid Venom Mage on July 6, 2018.
             Was an Initiate of Dithmenos.
             Quit the game on level 5 of the Dungeon on July 9, 2018.
             The game lasted 01:00:25 (6768 turns).

Kholdaimon the Sneak (Felid Venom Mage)             Turns: 6768, Time: 01:00:26

Health: 8/27       AC:  2    Str:  4      XL:     7   Next: 31%
Magic:  11/11      EV: 18    Int: 18      God:    Dithmenos [......]
Gold:   51         SH:  0    Dex: 10 (17) Spells: 4/10 levels left
                                        Lives:  2   Deaths: 0

rFire    . . .     SeeInvis +   (weapon unavailable)
rCold    + . .     Gourm    .   (shield unavailable)
rNeg     . . .     Faith    .   (armour unavailable)
rPois    .         Spirit   .   (helmet unavailable)
rElec    .         Reflect  .   (cloak unavailable)
rCorr    .         Harm     .   (gloves unavailable)
MR       +....                  (boots unavailable)
Stlth    +++.......             o - amulet of rage
HPRegen  0.09/turn              r - ring of protection from cold
MPRegen  0.12/turn              (no ring)

@: quick
A: very small, no armour, no weapons or thrown items, stealth, claws 1, fangs 3,
see invisible, carnivore, speed 1, shaggy fur 2, slow metabolism 1, sharp paws
a: Renounce Religion, Evoke Berserk Rage


You were on level 5 of the Dungeon.
You worshipped Dithmenos.
Dithmenos was noncommittal.
You were very full.

You visited 2 branches of the dungeon, and saw 6 of its levels.

You collected 226 gold pieces.
You spent 175 gold pieces at shops.

Inventory:

Jewellery
 o - an amulet of rage (around neck)
 r - a ring of protection from cold (left paw)
Wands
 m - a wand of iceblast (11)
Scrolls
 a - 2 scrolls of fear {unknown}
 c - a scroll of random uselessness {unknown}
 e - 2 scrolls of amnesia {unknown}
 g - 4 scrolls of remove curse
 h - 2 scrolls of blinking
 i - a scroll of fog {unknown}
 k - a scroll of teleportation {unknown}
 n - a scroll of magic mapping {unknown}
 q - 2 scrolls of immolation {unknown}
Potions
 f - a potion of berserk rage
 j - a potion of brilliance {unknown}
 l - 2 potions of flight
 p - a potion of might {unknown}
Comestibles
 b - 7 rations


   Skills:
 + Level 4.9 Dodging
 + Level 5.1 Stealth
 + Level 2.3 Spellcasting
 + Level 2.2 Conjurations
 - Level 3.2 Air Magic
 * Level 4.9 Poison Magic


You had 4 spell levels left.
You knew the following spells:

 Your Spells              Type           Power        Failure   Level  Hunger
a - Sting                 Conj/Pois      ###.         4%          1    #......
b - Poisonous Vapours     Pois/Air       ###...       4%          2    ##.....
c - Mephitic Cloud        Conj/Pois/Air  ##......     12%         3    ###....

Your spell library contained the following spells:

 Spells                   Type           Power        Failure   Level  Hunger
 Venom Bolt               Conj/Pois      ###.......   73%         5    ######.
 Olgreb's Toxic Radiance  Pois           ###.....     22%         4    #####..


Dungeon Overview and Level Annotations

Branches:
Dungeon (5/15)             Temple (1/1) D:4

Altars:
Ashenzari
Cheibriados
Dithmenos
Elyvilon
Fedhas
Gozag
Hepliaklqana
Kikubaaqudgha
Makhleb
Qazlal
Ru
Sif Muna
Trog
Uskayaw
Xom
Yredelemnul
Zin
The Shining One

Shops:
D:4 ?


Innate Abilities, Weirdness & Mutations

You cannot wear armour.
You are incapable of wielding weapons or throwing items.
Your paws allow you to move quietly. (Stealth)
You have sharp claws.
You have razor-sharp teeth.
You have supernaturally acute eyesight. (SInv)
You are carnivorous and can eat meat at any time.
You cover ground quickly.
You are covered in thick fur. (AC +2)
You have a slow metabolism.
Your sharp claws are effective at attacking unaware monsters.


Message History

You scratch the crimson imp.
The crimson imp is lightly wounded.
The crimson imp misses you.
You barely miss the crimson imp. The crimson imp barely misses you.
You miss the crimson imp.
The crimson imp hits you but does no damage.
You scratch the crimson imp but do no damage.
The crimson imp blinks!
The crimson imp blinks!
The crimson imp blinks!
You scratch the crimson imp.
The crimson imp is lightly wounded.
The crimson imp closely misses you.
You miss the crimson imp. The crimson imp completely misses you.
You closely miss the crimson imp. The crimson imp hits you.
* * * LOW HITPOINT WARNING * * *
You scratch the crimson imp but do no damage.
The crimson imp closely misses you.
You miss the crimson imp.
The crimson imp blinks!
Are you sure you want to abandon this character and quit the game? (Confirm with "yes".)

#(........#....##.#
###########.#####.#
#.# #.# ###.# #.#
#...# #.# ###.# #.#
#.# #.# #.#####.#
#...5.@.# #########


You could see a crimson imp.

Vanquished Creatures
  Sigmund (D:4)
  2 scorpions (D:4)
  A quasit (D:5)
  3 orc priests
  4 orc wizards
  3 worker ants
  5 adders
  An ooze (D:3)
  A worm (D:3)
  A dart slug (D:4)
  A leopard gecko (D:3)
  9 orcs
  2 ball pythons
  5 bats
  2 giant cockroaches
  3 goblins
  8 hobgoblins
  5 jackals
  5 kobolds
  A quokka (D:3)
  6 frilled lizards
  A quokka skeleton (D:4)
  3 rats
73 creatures vanquished.

Notes
Turn   | Place    | Note
-------+----------+-------------------------------------------
     0 | D:1      | Kholdaimon the Felid Venom Mage began the quest for the Orb.
     0 | D:1      | Reached XP level 1. HP: 7/7 MP: 4/4
   101 | D:1      | Reached skill level 1 in Conjurations
   364 | D:1      | Reached XP level 2. HP: 11/11 MP: 0/6
   368 | D:1      | Learned a level 2 spell: Poisonous Vapours
   475 | D:1      | Reached skill level 3 in Stealth
  1601 | D:2      | Reached XP level 3. HP: 14/14 MP: 4/7
  2035 | D:2      | Found a stormy altar of Qazlal.
  2133 | D:3      | Learned a level 3 spell: Mephitic Cloud
  2300 | D:3      | Reached skill level 1 in Air Magic
  2360 | D:3      | Reached XP level 4. HP: 18/18 MP: 6/8
  2645 | D:3      | Found a hide-covered altar of Uskayaw.
  2645 | D:3      | Noticed a hand axe
  2646 | D:3      | Noticed a dagger
  2813 | D:3      | Found a shattered altar of Ashenzari.
  2846 | D:3      | Found a sacrificial altar of Ru.
  3350 | D:4      | Found a staircase to the Ecumenical Temple.
  3354 | Temple   | Entered the Ecumenical Temple
  3447 | Temple   | Became a worshipper of Dithmenos the Shadowed
  3492 | D:4      | Noticed Sigmund
  3537 | D:4      | Reached XP level 5. HP: 21/21 MP: 3/9
  3688 | D:4      | Found Tutajofigu's Magic Scroll Shop.
  3694 | D:4      | Bought a scroll of blinking for 105 gold pieces
  3694 | D:4      | Bought a scroll of identify for 28 gold pieces
  3694 | D:4      | Bought a scroll of remove curse for 42 gold pieces
  4420 | D:4      | Reached skill level 4 in Stealth
  4514 | D:4      | Found a burning altar of Makhleb.
  4572 | D:4      | Gained mutation: You are covered in thick fur. (AC +2) [Felid growth]
  4572 | D:4      | Reached XP level 6. HP: 11/24 MP: 3/10
  5149 | D:4      | Killed Sigmund
  5186 | D:4      | Reached XP level 7. HP: 17/27 MP: 3/11
  5316 | D:4      | Upgraded the game from 0.22-a0-601-gb0ed703ee0 to 0.22-a0-608-g8a62e23f9f
  5317 | D:5      | Entered Level 5 of the Dungeon
  5866 | D:4      | Reached skill level 5 in Stealth
  5958 | D:5      | Found a blossoming altar of Fedhas.
  6768 | D:5      | Quit the game

Vault maps used:
D:1:      minmay_arrival_three_doors, minmay_misc_feat_square,
          hangedman_decor_points
D:2:      nicolae_qazlal_eye_of_the_storm, first_ration
D:3:      lemuel_doored_altar, nicolae_ru_great_annihilating_truth,
          dancing_weapons_uskayaw, minmay_tree_intersection
D:4:      minmay_temple_entry_glassed_door, serial_shops, shop_fountains,
          minivault_27, bloody_makhleb, uniq_sigmund
D:5:      serial_shops, kennysheep_mini, nrook_uturn, fedhas_altar_3,
          uniq_eustachio
Temple:   nicolae_temple_elliptical

Skill      XL: |  1  2  3  4  5  6  7 |
---------------+----------------------+-----
Conjurations   | 1 2 |  2.2
Dodging        | 3 4 |  4.9
Stealth        | 3 4 5 |  5.1
Poison Magic   | 3 4 |  4.9
Air Magic      | 1 2 3 |  3.2
Spellcasting   | |  2.3

Action                   |  1- 3 |  4- 6 |  7- 9 || total
-------------------------+-------+-------+-------++-------
Melee: Unarmed           |    16 |    13 |    90 ||   119
       Bite              |       |       |     4 ||     4
 Cast: Sting             |    75 |    33 |    25 ||   133
       Poisonous Vapours |     7 |    36 |    14 ||    57
       Mephitic Cloud    |       |     1 |       ||     1
  Use: Scroll            |       |     3 |       ||     3
 Stab: Sleeping          |       |     1 |     1 ||     2
       Paralysed         |       |     1 |       ||     1
  Eat: Chunk             |    10 |     9 |     3 ||    22
Armor: Skin              |     5 |     1 |    13 ||    19
Dodge: Dodged            |    26 |    22 |   146 ||   194

Table legend:
 A = Spawn XP
 B = Non-spawn XP
 C = Spawn XP percentage of total XP
 D = Spawn monster count
 E = Non-spawn monster count
 F = Spawn count percentage of total count
 G = Total turns spent on level
                    A         B        C        D         E        F      G
               +---------+---------+-------+---------+---------+-------+---------
         Total |       0 |     952 |   0.0 |       0 |      73 |   0.0 |  6768
               +---------+---------+-------+---------+---------+-------+---------
           D:1 |       0 |      29 |   0.0 |       0 |      16 |   0.0 |  1084
           D:2 |       0 |      18 |   0.0 |       0 |      12 |   0.0 |  1115
           D:3 |       0 |     168 |   0.0 |       0 |      19 |   0.0 |  1299
           D:4 |       0 |     598 |   0.0 |       0 |      19 |   0.0 |  2156
           D:5 |       0 |     139 |   0.0 |       0 |       7 |   0.0 |  1007
               +---------+---------+-------+---------+---------+-------+---------
